 Dungeon Sprint DCSS version 0.21-a0-216-g6d3fd91 (webtiles) character file.

31 Kidiri the Magician (level 3, -2/19 HPs)
             Began as a Deep Elf Fire Elementalist on Aug 23, 2017.
             Slain by a human (5 damage)
             ... in the Dungeon (Sprint III: "The Ten Rune Challenge").
             The game lasted 00:00:33 (118 turns).

Kidiri the Magician (Deep Elf Fire Elementalist)     Turns: 118, Time: 00:00:33

Health: -2/19      AC:  2    Str:  5    XL:     3   Next: 7%
Magic:  4/12       EV: 13    Int: 20    God:
Gold:   12         SH:  0    Dex: 15    Spells: 5/14 levels left

rFire    . . .     SeeInvis .   (no weapon)
rCold    . . .     Gourm    .   (no shield)
rNeg     . . .     Faith    .   a - +0 robe
rPois    .         Spirit   .   (no helmet)
rElec    .         Reflect  .   (no cloak)
rCorr    .         Harm     .   (no gloves)
MR       .....     NoTele   +   (no boots)
Stlth    ++........             (no amulet)
HPRegen  0.06/turn              (no ring)
MPRegen  0.13/turn              (no ring)

@: no status effects
A: no striking features
a: no special abilities


You were in the Dungeon.
You were not hungry.

You visited 1 branch You collected 12 gold pieces.

Inventory:

Armour
 a - a +0 robe (worn)
Scrolls
 i - a scroll of blinking
Potions
 d - a potion of curing
 e - a potion of heal wounds
 f - a potion of haste
 g - 2 potions of magic
 h - a potion of berserk rage
Books
 b - a book of Flames

   Spells                             Type                      Level
   a - Flame Tongue                   Conjuration/Fire             1
   b - Throw Flame                    Conjuration/Fire             2
   c - Conjure Flame                  Conjuration/Fire             3
   d - Inner Flame                    Hexes/Fire                   3
   e - Sticky Flame                   Conjuration/Fire             4
   f - Fireball                       Conjuration/Fire             5
Comestibles
 c - a bread ration
 j - a chunk of flesh


   Skills:
 - Level 2.4 Dodging
 - Level 2.4 Stealth
 * Level 6.4 Spellcasting
 + Level 3.3 Conjurations
 + Level 4.6 Fire Magic


You had 5 spell levels left.
You knew the following spells:

 Your Spells              Type           Power        Failure   Level  Hunger
a - Flame Tongue          Conj/Fire      ###..        1%          1    None
b - Throw Flame           Conj/Fire      ###...       3%          2    None
c - Conjure Flame         Conj/Fire      ###.....     6%          3    ##.....
d - Inner Flame           Hex/Fire       ###.....     12%         3    ##.....


Dungeon Overview and Level Annotations

Branches:
Dungeon (1/1)

Altars:


Message History

The human is severely wounded.
The human misses you.
Casting: Flame Tongue
Confirm with . or Enter, or press ? or * to list all spells.
Aiming: Flame Tongue
Press: ? - help, Shift-Dir - straight line, f/p - human
Aim: a human (severely wounded)
The flame tongue hits the human.
The human is almost dead.
The human hits you!
* * * LOW HITPOINT WARNING * * *
Casting: Flame Tongue
Confirm with . or Enter, or press ? or * to list all spells.
Aiming: Flame Tongue
Press: ? - help, Shift-Dir - straight line, f/p - human
Aim: a human (almost dead)
The flame tongue hits the human.
The human is almost dead.
The human hits you.
You die...

▓..##.......#
▓##.##.##..[# .#
##.##.###..# ..#
▓#.####.##..# ...+
▓.###÷.##..##
#...# ▓#.....##..#
#....#
###..##...##.....#
##..##....#p.....#
#..###..##@# #(.#
#..#### ▓▓▓▓ ▓▓▓▓


You could see a human.

Vanquished Creatures
  Jessica (D)
  An ooze (D)
  A rat (D)
3 creatures vanquished.

Vanquished Creatures (others)
  2 plants (D)
2 creatures vanquished.

Grand Total: 5 creatures vanquished

Notes
Turn   | Place    | Note
-------+----------+-------------------------------------------
     0 | D        | Kidiri the Deep Elf Fire Elementalist began the quest for the Orb.
     0 | D        | Reached XP level 1. HP: 10/10 MP: 6/6
    20 | D        | Reached skill level 4 in Spellcasting
    55 | D        | Noticed Jessica
    60 | D        | Killed Jessica
    60 | D        | Reached skill level 6 in Spellcasting
    60 | D        | Reached XP level 2. HP: 13/15 MP: 6/11
    60 | D        | Reached XP level 3. HP: 16/19 MP: 6/12
    64 | D        | Learned a level 2 spell: Throw Flame
    68 | D        | Learned a level 3 spell: Conjure Flame
    72 | D        | Learned a level 3 spell: Inner Flame
   118 | D        | Slain by a human

Vault maps used:
D:        dungeon_sprint_mu

Skill      XL: |  1 |
---------------+----+-----
Spellcasting   | 6 |  6.4
Conjurations   | 3 |  3.3
Fire Magic     | 4 |  4.6
Dodging        | |  2.4
Stealth        | |  2.4

Action                   || total
-------------------------++-------
 Cast: Flame Tongue      ||    12
       Throw Flame       ||     1
Dodge: Dodged            ||     2

Table legend:
 A = Spawn XP
 B = Non-spawn XP
 C = Spawn XP percentage of total XP
 D = Spawn monster count
 E = Non-spawn monster count
 F = Spawn count percentage of total count
 G = Total turns spent on level
                    A         B        C        D         E        F      G
               +---------+---------+-------+---------+---------+-------+---------
         Total |       0 |      45 |   0.0 |       0 |       3 |   0.0 |   118
               +---------+---------+-------+---------+---------+-------+---------
             D |       0 |      45 |   0.0 |       0 |       3 |   0.0 |   118
               +---------+---------+-------+---------+---------+-------+---------
